 Dungeon Crawl Stone Soup version 0.31.0-32-g396128a36d (webtiles) character file.

Game seed: 6855219973928132311

3990 KittyFluff the Changeling (level 10, 0/93 HPs)
             Began as a Troll Shapeshifter on Apr 10, 2024.
             Was an Initiate of Trog.
             Slain by a death yak (22 damage)
             ... on level 8 of the Dungeon.
             The game lasted 00:31:26 (6275 turns).

KittyFluff the Changeling (Troll Shapeshifter)      Turns: 6275, Time: 00:31:26

Health: 0/93       AC:  8    Str: 28    XL:     10   Next: 3%
Magic:  9/9        EV: 14    Int:  6    God:    Trog [......]
Gold:   475        SH: 13    Dex: 13    Spells: 9/9 levels left

rFire   . .          .
                       - Unarmed
rCold   . . .        g - +0 tower shield
rNeg    . . .        p - +0 robe
rPois   .            (helmet currently unavailable)
rElec   .            (cloak currently unavailable)
rCorr   .            (gloves unavailable)
SInv    .            (boots unavailable)
Will    .....        (no amulet)
Stlth   +            Q - +4 ring of protection
HPRegen 1.15/turn    F - ring of Namac {EV+5 Dex+4}
MPRegen 0.11/turn

%: no passive effects
@: beast-form
A: beast (slay +4), large, unfitting armour, claws 3, regeneration 1, shaggy fur
1, tough skin 1
a: Begin Untransformation, Renounce Religion


You were on level 8 of the Dungeon.
You worshipped Trog.
Trog was noncommittal.
You were a hulking beast.
You visited 2 branches of the dungeon, and saw 9 of its levels.

You collected 475 gold pieces.

Inventory:

Hand Weapons
 h - a +0 mace of protection
 m - a +3 spear
 v - a +0 sling
 y - a +1 spear of flaming
 D - a +0 whip of freezing
 N - a +3 war axe of electrocution
 P - a +0 orcbow
Missiles
 a - 2 javelins
 f - 26 stones (quivered)
 J - 4 boomerangs
Armour
 g - a +0 tower shield (worn)
 p - a +0 robe (worn)
 A - a +1 cloak
 H - a scarf of harm
Magical Staves
 x - a staff of death
Jewellery
 j - a ring of poison resistance
 E - a ring of fire
 F - the ring of Namac (right claw) {EV+5 Dex+4}
   (You found it on level 4 of the Dungeon)

   [ring of evasion]

   EV+5:      It affects your evasion (+5).
   Dex+4:     It affects your dexterity (+4).
 Q - a +4 ring of protection (left claw)
 R - a ring of see invisible
Talismans
 c - a beast talisman
 d - a flux talisman
 i - a blade talisman
 M - a granite talisman
Wands
 C - a wand of quicksilver (11)
 L - a wand of roots (16)
Scrolls
 e - 2 scrolls of teleportation {unknown}
 k - a scroll of blinking {unknown}
 l - 3 scrolls of noise
 o - 7 scrolls of fog
 q - a scroll of immolation {unknown}
 r - 2 scrolls of vulnerability {unknown}
 s - a scroll of brand weapon {unknown}
 t - 2 scrolls of revelation {unknown}
 w - 2 scrolls of enchant armour {unknown}
 K - a scroll of enchant weapon {unknown}
Potions
 b - a potion of lignification
 n - 2 potions of might
 u - 5 potions of curing
 z - 2 potions of enlightenment
 B - a potion of attraction
 G - a potion of ambrosia {unknown}
 I - 4 potions of heal wounds
 O - a potion of magic {unknown}


   Skills:
 + Level 4.3 Fighting
 + Level 4.5 Throwing
 + Level 4.0 Armour
 + Level 4.4 Dodging
 + Level 4.2 Shields
 + Level 5.9 Unarmed Combat
 * Level 7.4 Shapeshifting


You had 9 spell levels left.
You didn't know any spells.
Your spell library contained the following spells:

 Spells                   Type           Power      Damage    Failure   Level
 Lesser Beckoning         Tloc           0%         N/A       97%         2
 Frozen Ramparts          Ice            0%         1d1       100%        3
 Gell's Gravitas          Tloc           0%         N/A       100%        3
 Teleport Other           Tloc           0%         N/A       100%        3
 Leda's Liquefaction      Alch/Erth      0%         N/A       100%        4
 Petrify                  Alch/Erth      0%         N/A       100%        4
 Metabolic Englaciation   Hex/Ice        0%         N/A       100%        5


Dungeon Overview and Level Annotations

Branches:
Dungeon (8/15)             Temple (1/1) D:7            Lair (0/5) D:8

Altars:
Ashenzari
Cheibriados
Elyvilon
Fedhas
Gozag
Hepliaklqana
Kikubaaqudgha
Makhleb
Nemelex Xobeh
Okawaru
Qazlal
Ru
Sif Muna
Trog
Uskayaw
Vehumet
Xom
Yredelemnul
Zin
The Shining One

Shops:
D:6 :[(   D:7 :


Innate Abilities, Weirdness & Mutations

You are a hulking beast.
Your limbs bulge with bestial killing power. (Slay +4)
You are too large for most types of armour.
You have claws for hands.
Your natural rate of healing is unusually fast.
You are covered in fur. (AC +1)
You have tough skin. (AC +1)


Message History

The death yak is almost dead.
The death yak gores you.
You barely miss the death yak.
The death yak is almost dead.
You block the death yak's attack.
The yak snorts and paws the ground.
You claw the death yak!
You kill the death yak!
Trog accepts your kill.
Your Armour skill increases to level 4!
You have reached level 10!
You claw the death yak!
The death yak is lightly wounded.
The death yak misses you.
A yak comes into view.
You claw the death yak!
The death yak is moderately wounded.
The death yak gores you but does no damage.
You scratch the death yak but do no damage.
The death yak is moderately wounded.
The death yak gores you! You block the death yak's attack.
You scratch the death yak but do no damage.
The death yak is moderately wounded.
The death yak gores you!!
You barely miss the death yak.
The death yak is moderately wounded.
The death yak gores you!
You scratch the death yak.
The death yak is moderately wounded.
The death yak gores you!!
* * * LOW HITPOINT WARNING * * *
Aiming: Fastroot
Press: ? - help, Shift-Dir - straight line, f - death yak
Aim: a death yak (moderately wounded)
The roots erupt in riotous growth!
Roots grab the death yak. x2; Roots grab the yak.
The grasping roots constrict the yak.
The grasping roots constrict the death yak. x2
The death yak gores you!!
You die...

#...........###.###
#.###.<...........#
#.....#.###.##.)###
#.#####.# #.##.##
#.# ##.# #.##.# #.#
#..# #.##.# #.#
#.## #.##.# #.. #.#
#.# #.##.###Y...>
#.# #.#
#.##.hYYYY... #.#
##.# #.##.##Yc....
#.###.#.###.##.#
.....
#....###...<##.#
....
#####.#.######.#
... ##.# #.### ..
#.# #...# . #.#
###.# #
#.#########.# .


You could see 2 death yaks, 4 yaks and a centaur.

Vanquished Creatures
  A death yak (D:8)
  Maurice (D:6)
  Prince Ribbit (D:5)
  A fire bat (D:7)
  A steam dragon (D:8)
  Menkaure (D:5)
  A water moccasin (D:6)
  An acid dragon (D:8)
  4 ice beasts
  2 black bears
  An ogre (D:4)
  The ghost of flammie80 the Trooper, an amateur FoMo (D:4)
  The ghost of maldita the Conjurer, an amateur DrCj (D:4)
  The ghost of PaiMei the Grave Robber, an amateur DsNe (D:4)
  A centaur (D:7)
  A phantom (D:6)
  4 bullfrogs
  3 scorpions
  3 killer bees (D:7)
  3 hounds
  3 jellies
  A gnoll bouda (D:4)
  3 iguanas
  A sleepcap (D:4)
  5 orc wizards
  5 gnolls (D:4)
  7 adders
  2 white imps
  4 ufetubi
  2 ribbon worms (D:3)
  The ghost of flammie80 the Trooper, a weakling FoMo of Qazlal (D:4)
  3 dart slugs (D:3)
  16 orcs
  6 ball pythons
  10 endoplasms
  2 giant cockroaches
  5 goblins
  6 hobgoblins
  3 kobolds
  5 quokkas
  4 bats
  4 frilled lizards
  4 rats
135 creatures vanquished.

Vanquished Creatures (others)
  A goblin (D:3)
1 creature vanquished.

Grand Total: 136 creatures vanquished

Notes
Turn   | Place    | Note
-------+----------+-------------------------------------------
     0 | D:1      | KittyFluff the Troll Shapeshifter began the quest for the
                  | Orb.
     0 | D:1      | Reached XP level 1. HP: 18/18 MP: 0/0
    84 | D:1      | Reached skill level 1 in Fighting
   325 | D:1      | Reached XP level 2. HP: 24/27 MP: 1/1
   979 | D:2      | Reached XP level 3. HP: 33/33 MP: 2/2
  1212 | D:2      | Found a faded altar of an unknown god.
  1310 | D:3      | Reached skill level 1 in Throwing
  1327 | D:3      | Found a radiant altar of Vehumet.
  1517 | D:3      | Found a hide-covered altar of Uskayaw.
  1563 | D:3      | Reached XP level 4. HP: 41/41 MP: 3/3
  1692 | D:3      | Found a snail-covered altar of Cheibriados.
  1740 | D:3      | Found a stormy altar of Qazlal.
  1890 | D:3      | Found a burning altar of Makhleb.
  1890 | D:3      | Found a white marble altar of Elyvilon.
  2151 | D:4      | Noticed a scorpion
  2265 | D:4      | Killed a scorpion
  2266 | D:4      | Reached skill level 4 in Shapeshifting
  2266 | D:4      | Reached XP level 5. HP: 34/49 MP: 4/4
  2540 | D:4      | Found a runed translucent gate.
  2540 | D:4      | Found a runed translucent gate.
  2540 | D:4      | Found a runed translucent gate.
  2551 | D:4      | Reached skill level 1 in Shields
  2563 | D:4      | Reached skill level 1 in Armour
  2568 | D:4      | Reached XP level 6. HP: 46/57 MP: 5/5
  2742 | D:4      | Noticed flammie80's ghost (amateur FoMo)
  2742 | D:4      | Noticed flammie80's ghost (weakling FoMo)
  2743 | D:4      | Noticed PaiMei's ghost (amateur DsNe)
  2743 | D:4      | Noticed maldita's ghost (amateur DrCj)
  3081 | D:4      | Reached XP level 7. HP: 65/65 MP: 6/6
  3087 | D:4      | Found an iron altar of Okawaru.
  3252 | D:4      | Killed PaiMei's ghost
  3254 | D:4      | Killed flammie80's ghost
  3260 | D:4      | Killed flammie80's ghost
  3273 | D:4      | Killed maldita's ghost
  3342 | D:4      | Identified the ring of Namac {EV+5 Dex+4}
  3373 | D:5      | Entered Level 5 of the Dungeon
  3470 | D:5      | Reached skill level 5 in Shapeshifting
  3695 | D:5      | Noticed Menkaure
  3701 | D:5      | Killed Menkaure
  3749 | D:5      | Reached XP level 8. HP: 74/74 MP: 7/7
  3754 | D:5      | Found a broken altar of Ashenzari.
  3841 | D:5      | Noticed Prince Ribbit
  3864 | D:5      | Killed Prince Ribbit
  3993 | D:6      | Found Ykumm's Weapon Boutique.
  4218 | D:6      | Found Quryqiv's Antique Armour Boutique.
  4390 | D:6      | Found Ufayratuadgh's Book Shop.
  4430 | D:6      | Reached skill level 6 in Shapeshifting
  4444 | D:6      | Found an ancient bone altar of Kikubaaqudgha.
  4747 | D:7      | Found a staircase to the Ecumenical Temple.
  4890 | D:7      | Reached skill level 5 in Unarmed Combat
  5167 | D:7      | Reached XP level 9. HP: 83/83 MP: 8/8
  5238 | D:7      | Found a shimmering altar of Xom.
  5454 | D:7      | Noticed Maurice
  5602 | D:7      | Something stole a +1 spear of flaming
  5607 | D:6      | Something stole a ring of fire
  5609 | D:6      | Something stole a flux talisman
  5611 | D:6      | Something stole 2 javelins
  5613 | D:6      | Something stole 399 gold
  5620 | D:6      | Killed Maurice
  5724 | Temple   | Entered the Ecumenical Temple
  5741 | Temple   | Became a worshipper of Trog the Wrathful
  5755 | D:7      | Found Litz's Tiny Tomes.
  5937 | D:8      | Reached skill level 7 in Shapeshifting
  6254 | D:8      | Noticed a death yak
  6256 | D:8      | Found a staircase to the Lair.
  6256 | D:8      | Noticed a death yak
  6256 | D:8      | Noticed a death yak
  6268 | D:8      | Killed a death yak
  6269 | D:8      | Reached XP level 10. HP: 85/93 MP: 9/9
  6275 | D:8      | Slain by a death yak

Illustrated notes

Levels and vault maps discovered:
D:1:      enne_arrival_octagon_isle, layout_basic, serial_bayou_lagoon_a,
          minmay_misc_feat_enclosed, minmay_misc_feat_tower
D:2:      layout_basic, dilly_ecumenical_altar_fadedgnrine
D:3:      layout_basic, fiery_altar_vehumet, mainiacjoe_overflow_alcove_4,
          mainiacjoe_overflow_alcove_1, general_overflow_altar,
          gammafunk_temple_overflow_elements
D:4:      layout_basic, kennysheep_okawaru_gauntlet, gammafunk_ghost_cemetery
D:5:      layout_cave_pools, marbit_many_paths, uniq_menkaure,
          uniq_prince_ribbit1
D:6:      layout_basic, mainiacjoe_overflow_six_doors_small, serial_shops,
          nicolae_diamond_shop, nicolae_stop_n_shop_2, shop, eino_curves_04
D:7:      layout_rooms, regret_index_xom_of_box,
          minmay_temple_entry_stoned_glass, nicolae_shop_i_like_small_books_too,
          minivault_1, grunt_ministairs_4, uniq_maurice
D:8:      layout_loops_ring, nicolae_wu_jian_immortal_techniques,
          dpeg_lair_monsters
Temple:   hellmonk_temple_flake

Skill      XL: |  1  2  3  4  5  6  7  8  9 |
---------------+----------------------------+-----
Fighting       | 1 2 3 4 |  4.3
Dodging        | 2 3 4 |  4.4
Throwing       | 1 2 3 4 |  4.5
Shapeshifting  | 4 5 6 7 |  7.4
Shields        | 1 2 3 4 |  4.2
Armour         | 1 2 3 4 |  4.0
Unarmed Combat | 4 5 |  5.9

Action                     |  1- 3 |  4- 6 |  7- 9 | 10-12 || total
---------------------------+-------+-------+-------+-------++-------
  Melee: Unarmed           |    82 |    95 |   240 |     6 ||   423
         Punch             |       |     2 |     2 |       ||     4
  Throw: Stone             |       |     3 |    13 |       ||    16
  Evoke: Wand              |       |       |       |     1 ||     1
    Use: Scroll            |     3 |     1 |     5 |       ||     9
         Potion            |       |       |     1 |       ||     1
 Armour: Animal skin       |    14 |       |       |       ||    14
         Robe              |    28 |    52 |   123 |     6 ||   209
  Dodge: Dodged            |    35 |    44 |   110 |     1 ||   190
  Block: Tower shield      |       |       |   118 |     1 ||   119
